 Dungeon Crawl Stone Soup version 0.32-a0-18-g89e19f1974 (webtiles) character file.

Game seed: 11903569681537898099

2184 bobarctor the Ruffian (level 9, -3/84 HPs)
             Began as a Troll Shapeshifter on Jan 16, 2024.
             Was a Believer of Yredelemnul.
             Killed from afar by an electric eel (13 damage)
             ... with a bolt of electricity
             ... on level 6 of the Dungeon.
             The game lasted 00:20:34 (3637 turns).

bobarctor the Ruffian (Troll Shapeshifter)          Turns: 3637, Time: 00:20:35

Health: -3/84      AC:  4    Str: 26    XL:     9   Next: 11%
Magic:  11/11      EV: 11    Int:  6    God:    Yredelemnul [**....]
Gold:   233        SH:  0    Dex: 11    Spells: 8/8 levels left

rFire   . .          .
                       - Unarmed
rCold   . . .        (no shield)
rNeg    . . .        a - +0 animal skin
rPois   .            (helmet currently unavailable)
rElec   .            (cloak currently unavailable)
rCorr   .            (gloves unavailable)
SInv    .            (boots unavailable)
Will    .....        (no amulet)
Stlth   +            (no ring)
HPRegen 1.14/turn    (no ring)
MPRegen 0.12/turn

%: no passive effects
@: beast-form
A: beast (slay +3), large, unfitting armour, claws 3, regeneration 1, shaggy fur
1, tough skin 1
a: Begin Untransformation, Renounce Religion, Recall Undead Harvest, Dark
Bargain


You were on level 6 of the Dungeon.
You worshipped Yredelemnul.
Yredelemnul was noncommittal.
You were a hulking beast.
You visited 1 branch of the dungeon, and saw 6 of its levels.

You collected 233 gold pieces.

Inventory:

Missiles
 f - 7 boomerangs
 g - 34 poisoned darts
 x - 4 large rocks (quivered)
Armour
 a - a +0 animal skin (worn)
 u - a scarf of invisibility
 E - an orb of energy
Jewellery
 r - an amulet of faith
Talismans
 c - a beast talisman
 d - a flux talisman
Wands
 k - a wand of light (10)
 y - a wand of flame (18)
Scrolls
 e - a scroll of teleportation {unknown}
 h - 9 scrolls of identify {unknown}
 i - a scroll of immolation {unknown}
 m - 4 scrolls of blinking {unknown}
 q - a scroll of vulnerability {unknown}
 s - a scroll of revelation {unknown}
 v - a scroll of fog {unknown}
 w - a scroll of summoning {unknown}
 A - a scroll of brand weapon {unknown}
 D - a scroll of noise {unknown}
Potions
 b - a potion of lignification
 j - 4 potions of curing {unknown}
 l - a potion of mutation {unknown}
 n - 4 potions of might {unknown}
 o - 3 potions of haste {unknown}
 p - a potion of brilliance {unknown}
 t - a potion of ambrosia {unknown}
 z - a potion of cancellation {unknown}
 B - 2 potions of enlightenment {unknown}
 C - a potion of heal wounds {unknown}
 F - a potion of attraction {unknown}


   Skills:
 + Level 4.0 Fighting
 + Level 4.3 Dodging
 * Level 7.5 Unarmed Combat
 * Level 4.5 Invocations
 + Level 5.3 Shapeshifting


You had 8 spell levels left.
You didn't know any spells.
Your spell library contained the following spells:

 Spells                   Type           Power      Damage    Failure   Level
 Apportation              Tloc           0%         N/A       45%         1
 Necrotise                Necr           0%         1d4       45%         1
 Sting                    Conj/Alch      0%         1d3       45%         1
 Summon Small Mammal      Summ           0%         N/A       45%         1
 Call Imp                 Summ           0%         N/A       58%         2
 Cigotuvi's Dreadful Rot  Necr/Alch/Air  0%         N/A       58%         2
 Sublimation of Blood     Necr           0%         N/A       58%         2
 Dazzling Flash           Conj/Hex       0%         N/A       83%         3
 Gell's Gravitas          Tloc           0%         N/A       83%         3
 Teleport Other           Tloc           0%         N/A       83%         3
 Volatile Blastmotes      Fire/Tloc      0%         2d10      83%         3
 Ignite Poison            Fire/Alch      0%         N/A       99%         4
 Freezing Cloud           Conj/Ice/Air   0%         6-21      100%        5
 Dispersal                Tloc           0%         N/A       100%        6
 Starburst                Conj/Fire      0%         6d3       100%        6
 Summon Hydra             Summ           0%         N/A       100%        7
 Maxwell's Capacitive Co  Air            0%         ∞         100%        8


Dungeon Overview and Level Annotations

Branches:
Dungeon (6/15)
 Temple: D:4-7

Altars:
Yredelemnul


Innate Abilities, Weirdness & Mutations

You are a hulking beast.
Your limbs bulge with bestial killing power. (Slay +3)
You are too large for most types of armour.
You have claws for hands.
Your natural rate of healing is unusually fast.
You are covered in fur. (AC +1)
You have tough skin. (AC +1)


Message History

You swap places.
The electric eel shoots out a bolt of lightning at you!
The bolt of electricity hits the plant!
The plant begins to die.
The bolt of electricity hits you!
The electric eel shoots out a bolt of lightning at you!
The bolt of electricity hits you!
There is an open door here.
The electric eel shoots out a bolt of lightning at you!
The bolt of electricity hits the plant!
The plant begins to die.
The bolt of electricity hits you!
The electric eel shoots out a bolt of lightning at you!
The bolt of electricity hits the electric eel.
The electric eel completely resists.
The bolt of electricity hits the plant!
The bolt of electricity hits you!
The electric eel shoots out a bolt of lightning at you!
The bolt of electricity hits the plant!
The bolt of electricity hits you!
You swap places.
The electric eel shoots out a bolt of lightning at you!
The bolt of electricity hits you.
There is an open door here.
You swap places.
The electric eel shoots out a bolt of lightning at you!
The bolt of electricity hits the plant!
The bolt of electricity hits your gnoll bouda zombie!
The bolt of electricity hits you!
* * * LOW HITPOINT WARNING * * *
You swap places.
You swap places.
A nearby plant withers and dies. x2
The electric eel shoots out a bolt of lightning at you!
The bolt of electricity hits your gnoll zombie.
The bolt of electricity hits your gnoll bouda zombie!
The bolt of electricity hits you!
* * * LOW HITPOINT WARNING * * *
The electric eel shoots out a bolt of lightning at you!
The bolt of electricity hits your gnoll zombie!
The bolt of electricity hits your gnoll bouda zombie!
Your gnoll bouda zombie is destroyed!
The bolt of electricity hits you!
You die...
Your body rises from the dead as a mindless zombie.

#.... #.... #.... #.... #....
#.... ####### #.... ###Z..~~##
#.... #####~Zh####.## #....
#.)~~~##'..##.# #.... #.....
#..#####.....#.######....
#....#####+ #.Z...#.#.........
#....#..# #~~..~#Z#.........
#....#..#.....#!~~~.#~#.........
#....#..#.P..P#S...!#~#.........
#....#..#?~P..#≈SS≈≈#~#.........
#....#..#[$~.!##≈≈≈##~#.........


You could see 2 electric eels, a friendly gnoll zombie, a friendly kobold
brigand zombie and a friendly ogre zombie.

Vanquished Creatures
  Jeremiah (D:6)
  A black bear (D:4)
  3 ogres
  4 centaurs
  A kobold brigand (D:6)
  A bullfrog (D:6)
  2 scorpions (D:5)
  A howler monkey (D:6)
  2 bombardier beetles
  6 hounds
  2 jellies
  Jessica (D:3)
  4 iguanas
  Terence (D:2)
  4 orc wizards
  11 gnolls
  7 adders
  A shadow imp (D:5)
  A dart slug (D:1)
  A ribbon worm (D:4)
  5 orcs
  10 ball pythons
  5 bats
  9 endoplasms
  6 giant cockroaches
  4 goblins
  4 hobgoblins
  A jackal (D:1)
  7 kobolds
  3 quokkas
  4 frilled lizards
  4 rats
117 creatures vanquished.

Vanquished Creatures (collateral kills)
  A bombardier beetle (D:5)
  A hound (D:6)
  A gnoll bouda (D:6)
  A jelly (D:5)
  An iguana (D:6)
  A gnoll (D:6)
  3 orcs (D:5)
  A quokka (D:5)
10 creatures vanquished.

Vanquished Creatures (others)
  2 centaur zombies (D:6)
  An adder zombie (D:5)
  3 gnoll zombies (D:6)
  An orc zombie (D:5)
  A quokka zombie (D:4)
8 creatures vanquished.

Grand Total: 135 creatures vanquished

Notes
Turn   | Place    | Note
-------+----------+-------------------------------------------
     0 | D:1      | bobarctor the Troll Shapeshifter began the quest for the
                  | Orb.
     0 | D:1      | Reached XP level 1. HP: 18/18 MP: 0/0
   110 | D:1      | Reached skill level 1 in Fighting
   202 | D:1      | Reached XP level 2. HP: 27/27 MP: 1/1
   264 | D:1      | Reached XP level 3. HP: 32/33 MP: 2/2
   429 | D:1      | Found a faded altar of an unknown god.
   750 | D:2      | Noticed Terence
   754 | D:2      | Killed Terence
   755 | D:2      | Reached XP level 4. HP: 41/41 MP: 3/3
   934 | D:2      | Reached skill level 4 in Unarmed Combat
  1038 | D:2      | Reached XP level 5. HP: 38/49 MP: 4/4
  1312 | D:3      | Noticed Jessica
  1318 | D:3      | Killed Jessica
  1391 | D:3      | Reached XP level 6. HP: 45/57 MP: 5/5
  1845 | D:4      | Reached skill level 5 in Unarmed Combat
  1877 | D:4      | Found a basalt altar of Yredelemnul.
  1889 | D:4      | Became a worshipper of Yredelemnul the Dark
  2106 | D:4      | Reached * piety under Yredelemnul
  2240 | D:4      | Reached XP level 7. HP: 66/66 MP: 6/6
  2251 | D:4      | Reached ** piety under Yredelemnul
  2252 | D:4      | Reached skill level 1 in Invocations
  2276 | D:5      | Entered Level 5 of the Dungeon
  2524 | D:5      | Reached skill level 6 in Unarmed Combat
  2672 | D:5      | Reached XP level 8. HP: 37/75 MP: 8/8
  3085 | D:6      | Noticed Jeremiah
  3138 | D:6      | Killed Jeremiah
  3139 | D:6      | Reached skill level 5 in Shapeshifting
  3204 | D:6      | Reached skill level 7 in Unarmed Combat
  3523 | D:6      | Reached XP level 9. HP: 63/84 MP: 11/11
  3637 | D:6      | Killed from afar by an electric eel

Illustrated notes

Levels and vault maps discovered:
D:1:      dpeg_arrival_brainrot, layout_basic,
          shapermc_ecumenical_altar_acropolis
D:2:      layout_rooms, uniq_terence
D:3:      layout_rooms, uniq_jessica
D:4:      layout_rooms, yredelemnul_altar_generic, nicolae_zen_rock_garden,
          minmay_misc_feat_encased
D:5:      layout_rooms, serial_rivers, chequers_serial_rivers_micro_d,
          chequers_serial_rivers_small_3, chequers_serial_rivers_small_a,
          chequers_serial_rivers_small_a
D:6:      cheibrodos_two_vegetables, layout_gridville, minitemple, uniq_jeremiah

Skill      XL: |  1  2  3  4  5  6  7  8  9 |
---------------+----------------------------+-----
Fighting       | 1 2 3 4 |  4.0
Dodging        | 2 3 4 |  4.3
Unarmed Combat | 4 5 6 7 |  7.5
Shapeshifting  | 4 5 |  5.3
Invocations    | 2 4 |  4.5

Action                     |  1- 3 |  4- 6 |  7- 9 || total
---------------------------+-------+-------+-------++-------
  Melee: Unarmed           |    57 |   111 |   138 ||   306
         Punch             |     3 |     4 |     5 ||    12
  Throw: Large rock        |       |       |     5 ||     5
   Stab: Sleeping          |     2 |     1 |       ||     3
         Distracted        |       |     1 |       ||     1
 Armour: Animal skin       |    35 |    62 |   120 ||   217
  Dodge: Dodged            |    22 |    53 |    73 ||   148

Table legend: (Time is in decaauts)
 A = Elapsed time spent in this place.
 B = Non-inter-level travel time spent in this place.
 C = Inter-level travel time spent in this place.
 D = Time resting spent in this place.
 E = Time spent auto-exploring this place.
 F = Levels seen in this place.
 G = Mean time per level.
                   A        B        C        D        E       F      G
               +--------+--------+--------+--------+--------+-----+--------+
         Total |   3611 |   3511 |    100 |    251 |   2241 |   6 |  601.8 |
       Dungeon |   3611 |   3511 |    100 |    251 |   2241 |   6 |  601.8 |
               +--------+--------+--------+--------+--------+-----+--------+

Top non-repeatable levels by time:
     D:6: 762 daAuts
     D:1: 710 daAuts
     D:3: 597 daAuts
     D:5: 587 daAuts
     D:4: 499 daAuts
     D:2: 453 daAuts
